 Dungeon Crawl Stone Soup version 0.31.0-11-ge490571c62 (webtiles) character file.

Game seed: 12972572883006659770

32660 mainiacjoe the Fighter (level 13, -9/113 HPs)
             Began as a Black Draconian Air Elementalist on Jan 27, 2024.
             Was a High Priest of Vehumet.
             Mangled by a skyshark (22 damage)
             ... on level 3 of the Lair of Beasts.
             The game lasted 01:05:57 (17901 turns).

mainiacjoe the Fighter (DrAE)                      Turns: 17901, Time: 01:05:58

Health: -9/113     AC: 15    Str: 11    XL:     13   Next: 32%
Magic:  2/22       EV: 18    Int: 19    God:    Vehumet [*****.]
Gold:   523        SH:  0    Dex: 19    Spells: 2/24 levels left

rFire   + . .        a - +1 demon whip (venom)
rCold   . . .        (no shield)
rNeg    . . .        (body armour unavailable)
rPois   .            (helmet restricted)
rElec   +            Q - +1 cloak {rF+}
rCorr   .            O - +1 pair of gloves
SInv    .            g - +2 pair of boots
Will    +....        r - amulet of magic regeneration
Stlth   ++           f - ring of willpower {=R}
HPRegen 0.38/turn    s - +6 ring of dexterity
MPRegen 0.58/turn

%: no passive effects
@: very slightly contaminated
A: breathe lightning, AC +8, unfitting armour, electricity resistance,
cold-blooded
a: Breathe Lightning, Renounce Religion


You were on level 3 of the Lair of Beasts.
You worshipped Vehumet.
Vehumet was extremely pleased with you.
You visited 3 branches of the dungeon, and saw 14 of its levels.
You also visited: Volcano.

You collected 980 gold pieces.
You spent 457 gold pieces at shops.

Inventory:

Hand Weapons
 a - a +1 demon whip of venom (weapon)
 d - a +2 glaive of flaming
 B - a +0 orcbow
Missiles
 e - 77 stones
 h - a throwing net {=F}
 m - a curare-tipped dart {=F}
 v - 18 poisoned darts
 y - 7 boomerangs
 R - 4 javelins
Armour
 g - a +2 pair of boots (worn)
 N - a +0 cloak
 O - a +1 pair of gloves (worn)
 Q - a +1 cloak of fire resistance (worn)
Magical Staves
 b - a staff of conjuration {!a}
 w - a staff of alchemy
Jewellery
 f - a ring of willpower (left hand) {=R}
 j - an amulet of reflection
 r - an amulet of magic regeneration (around neck)
 s - a +6 ring of dexterity (right hand)
 x - a ring of resist corrosion
 z - a ring of flight
Wands
 A - a wand of mindburst (10)
 D - a wand of quicksilver (7)
 F - a wand of digging (4)
 K - a wand of paralysis (10)
 M - a wand of iceblast (3)
Scrolls
 l - a scroll of blinking
 n - 4 scrolls of revelation
 t - 3 scrolls of teleportation
 C - 2 scrolls of torment
 J - a scroll of poison
 L - a scroll of fear
 P - a scroll of identify
Potions
 c - 2 potions of mutation
 i - 3 potions of attraction
 k - 10 potions of curing
 o - 2 potions of lignification
 p - 3 potions of invisibility
 q - 3 potions of haste
 u - 2 potions of brilliance
 E - 3 potions of might
 G - a potion of enlightenment
 H - 2 potions of resistance
 I - a potion of ambrosia


   Skills:
 - Level 10.0 Fighting
 + Level 8.9 Maces & Flails
 - Level 10.0 Dodging
 - Level 1.7 Stealth
 - Level 6.0 Spellcasting
 + Level 6.4 Conjurations
 * Level 9.6 Fire Magic
 - Level 10.0 Air Magic
 - Level 6.0 Evocations


You had 2 spell levels left.
You knew the following spells:

 Your Spells              Type           Power      Damage    Failure   Level
a - Shock                 Conj/Air       100%       1d9       1%          1
b - Static Discharge      Conj/Air       74%        3-7/arc   1%          2
c - Swiftness             Air            43%        N/A       1%          3
d - Airstrike             Air            21%        2d(4-20)  1%          4
e - Plasma Beam           Fire/Air       21%        2x1d33    9%          6
f - Starburst             Conj/Fire      18%        6d7       17%         6

Your spell library contained the following spells:

 Spells                   Type           Power      Damage    Failure   Level
 Freezing Cloud           Conj/Ice/Air   13%        6-21      9%          5
 Foxfire                  Conj/Fire      100%       2x1d9     1%          1
 Call Canine Familiar     Summ           5%         N/A       32%         3
 Sigil of Binding         Hex            5%         N/A       32%         3
 Dimensional Bullseye     Hex/Tloc       2%         N/A       73%         4


Dungeon Overview and Level Annotations

Branches:
Dungeon (10/15)            Temple (1/1) D:4            Lair (3/5) D:8
 Shoals (0/4) Lair:2          Orc (0/2) D:10        Volcano (visited)
  Snake: Lair:2-3    Spider: Lair:2-3

Altars:
Ashenzari
Cheibriados
Dithmenos
Elyvilon
Fedhas
Gozag
Hepliaklqana
Kikubaaqudgha
Makhleb
Nemelex Xobeh
Okawaru
Qazlal
Ru
Sif Muna
Trog
Uskayaw
Vehumet
Wu Jian
Xom
Yredelemnul
Zin
The Shining One

Shops:
D:2 [   D:7 !   D:8 [   D:9 [

Annotations:
D:3 exclusion: door


Innate Abilities, Weirdness & Mutations

You can breathe wild blasts of lightning.
Your glossy black scales are hard. (AC +8)
You cannot fit into any form of body armour.
You are resistant to electric shocks. (rElec)
You are cold-blooded and may be slowed by cold attacks.


Message History

Press: ? - help, Shift-Dir - straight line, f - skyshark
Aim: a skyshark (lightly wounded, chance to affect: 71%)
The skyshark struggles to resist.
You whack the skyshark!
The skyshark is lightly wounded.
The skyshark barely misses you. x2; The skyshark completely misses you.
You hit the skyshark.
The skyshark is poisoned.
The skyshark is moderately wounded.
The skyshark bites you!
The skyshark tastes blood and grows stronger!
The skyshark barely misses you. x2
You hit the skyshark.
The skyshark looks as sick as possible!
The skyshark is moderately wounded.
You hit the skyshark but do no damage.
The skyshark looks as sick as possible!
The skyshark is moderately wounded.
The skyshark bites you!
The skyshark enters a blood-rage!
The skyshark tail-slaps you! The skyshark misses you.
Casting: Plasma Beam (dangerous; 9% risk of failure)
Confirm with . or Enter, or press ? or * to list all spells.
Casting: Plasma Beam (dangerous; 9% risk of failure)
Press: ? - help, Dir - look around, f - activate The bolt of lightning hits the skyshark!!
The skyshark is heavily wounded.
The fiery plasma hits the skyshark!!
The skyshark is severely wounded.
You have got your breath back.
The skyshark bites you!!
* * * LOW HITPOINT WARNING * * *
The skyshark completely misses you.
The skyshark tail-slaps you but does no damage.
The skyshark bites you!
* * * LOW HITPOINT WARNING * * *
The skyshark closely misses you. x2
Aiming: Quicksilver Bolt
Press: ? - help, Shift-Dir - straight line, f - skyshark
Aim: a skyshark (severely wounded, berserk, extremely poisoned, 81% to hit)
The bolt of dispelling energy hits the skyshark!!
The skyshark is almost dead.
The skyshark bites you!!
You die...

### #@# #F# #†# #†# #.#
#.# ## ####.# #
##.#########.#.†####.##
......................#


You could see a skyshark (berserk, extremely poisoned).

Vanquished Creatures
  2 hydras
  3 boulder beetles
  3 two-headed ogres
  A tengu warrior (D:8)
  A hell knight (Volcano)
  2 skysharks
  A salamander mystic (Volcano)
  Amaemon (D:8)
  4 harpies (Lair:2)
  A manticore (D:8)
  4 salamanders (Volcano)
  9 elephants
  A black mamba (Lair:1)
  A molten gargoyle (Volcano)
  6 cane toads
  2 gargoyles
  2 komodo dragons
  An orange demon (D:8)
  2 rime drakes
  2 trolls
  3 polar bears
  4 blink frogs (Lair:1)
  22 yaks
  4 wyverns
  A wraith (D:9)
  2 fire bats (Volcano)
  3 shadows
  4 vampire mosquitoes (D:8)
  A basilisk (Lair:1)
  3 steam dragons
  An acid dragon (D:8)
  7 water moccasins
  6 orc warriors
  3 black bears
  A sky beast (D:8)
  8 wolves
  3 centaurs
  A kobold brigand (D:10)
  2 phantoms
  10 bullfrogs
  4 scorpions
  A gnoll sergeant (D:7)
  5 wights
  A burial acolyte (D:8)
  10 killer bees
  5 lava snakes (Volcano)
  3 howler monkeys
  Crazy Yiuf (D:2)
  A hound (D:6)
  2 jellies
  5 orc priests
  5 gnoll boudas
  3 sleepcaps
  Jessica (D:2)
  Natasha (twice) (D:3)
  An iguana (D:4)
  14 orc wizards
  11 hell rats (Lair:1)
  2 hound zombies (D:8)
  Robin (D:2)
  18 gnolls
  6 adders
  2 shadow imps (D:8)
  2 white imps
  2 ufetubi (D:7)
  An adder zombie (D:8)
  3 dart slugs (D:1)
  A ribbon worm (D:2)
  17 orcs
  10 endoplasms
  3 giant cockroaches
  3 gnoll zombies (D:8)
  14 goblins
  7 hobgoblins
  4 jackals
  12 kobolds
  2 quokkas (D:1)
  6 ball pythons
  4 bats
  4 frilled lizards (D:2)
  A kobold zombie (D:8)
  4 rats
342 creatures vanquished.

Vanquished Creatures (collateral kills)
  Natasha (D:3)
1 creature vanquished.

Grand Total: 343 creatures vanquished

Notes
Turn   | Place    | Note
-------+----------+-------------------------------------------
     0 | D:1      | mainiacjoe the Draconian Air Elementalist began the quest
                  | for the Orb.
     0 | D:1      | Reached XP level 1. HP: 14/14 MP: 3/3
   258 | D:1      | Reached XP level 2. HP: 20/20 MP: 1/5
   261 | D:1      | Learned a level 2 spell: Static Discharge
   791 | D:1      | Reached XP level 3. HP: 26/26 MP: 0/6
   795 | D:1      | Learned a level 3 spell: Swiftness
  1178 | D:2      | Found Qilircho's Armour Boutique.
  1250 | D:2      | Noticed Jessica
  1341 | D:2      | Killed Jessica
  1342 | D:2      | Reached XP level 4. HP: 33/33 MP: 4/8
  1460 | D:2      | Noticed Robin
  1745 | D:2      | Killed Robin
  1982 | D:2      | Found a runed translucent door.
  1983 | D:2      | Noticed Crazy Yiuf
  2048 | D:2      | Identified the +0 robe of Lust {rElec Regen+ Dex+3}
  2284 | D:3      | Noticed Natasha
  2297 | D:3      | Killed Natasha
  2298 | D:3      | Reached XP level 5. HP: 31/38 MP: 2/9
  2386 | D:3      | Noticed Natasha
  2395 | D:3      | Killed Natasha
  2435 | D:3      | Noticed Natasha
  2436 | D:3      | Killed Natasha
  2437 | D:3      | Reached skill level 5 in Air Magic
  2442 | D:3      | Learned a level 4 spell: Airstrike
  2665 | D:3      | Found a hazy altar of Hepliaklqana.
  2703 | D:3      | Noticed an ice beast
  3093 | D:4      | Noticed a phantom
  3098 | D:4      | Killed a phantom
  3099 | D:4      | Reached XP level 6. HP: 45/45 MP: 4/10
  3462 | D:4      | Found a white marble altar of Elyvilon.
  3464 | D:4      | Found a sacrificial altar of Ru.
  3627 | D:4      | Found a staircase to the Ecumenical Temple.
  3636 | Temple   | Entered the Ecumenical Temple
  3714 | D:4      | Your scales start taking on a glossy black colour.
  3714 | D:4      | Reached XP level 7. HP: 50/50 MP: 4/11
  3714 | D:4      | Gained mutation: You are resistant to electric shocks.
                  | (rElec) [Black Draconian growth]
  3879 | D:4      | Found a hide-covered altar of Uskayaw.
  3931 | Temple   | Became a worshipper of Vehumet
  4015 | D:4      | Reached skill level 1 in Fighting
  4257 | D:5      | Entered Level 5 of the Dungeon
  4464 | D:5      | Found a shimmering altar of Xom.
  5003 | D:6      | Reached * piety under Vehumet
  5003 | D:6      | Offered knowledge of Magic Dart by Vehumet.
  5006 | D:6      | Reached XP level 8. HP: 53/66 MP: 4/12
  5105 | D:6      | Found a broken altar of Ashenzari.
  5421 | D:6      | Found a basalt altar of Yredelemnul.
  5435 | D:6      | Found a sparkling altar of Nemelex Xobeh.
  5520 | D:6      | Found a glowing golden altar of the Shining One.
  5991 | D:7      | Reached skill level 5 in Fighting
  5992 | D:7      | Reached skill level 5 in Dodging
  6258 | D:7      | Found a blossoming altar of Fedhas.
  6304 | D:7      | Found a stormy altar of Qazlal.
  6439 | D:7      | Found Icwyrch's Distillery.
  6447 | D:7      | Bought a potion of enlightenment for 70 gold pieces
  6447 | D:7      | Bought a potion of resistance for 140 gold pieces
  6447 | D:7      | Bought a potion of ambrosia for 112 gold pieces
  6470 | D:7      | Found a glowing silver altar of Zin.
  7156 | D:7      | Reached XP level 9. HP: 78/78 MP: 5/13
  7263 | D:8      | Noticed a five-headed hydra
  7263 | D:8      | Noticed a manticore
  7263 | D:8      | Noticed a tengu warrior
  7846 | D:8      | Noticed Amaemon
  7851 | D:8      | Noticed an orange demon
  7853 | D:8      | Killed Amaemon
  7857 | D:8      | Killed an orange demon
  7858 | D:8      | Reached skill level 5 in Spellcasting
  8038 | D:8      | Reached XP level 10. HP: 76/90 MP: 14/17
  8123 | D:8      | Found an iron altar of Okawaru.
  8170 | D:8      | Found a staircase to the Lair.
  8220 | D:8      | Offered knowledge of Mercury Vapours by Vehumet.
  8314 | D:8      | Killed a five-headed hydra
  8443 | D:8      | Reached ** piety under Vehumet
  8669 | D:8      | Killed a manticore
  8670 | D:8      | Reached skill level 1 in Maces & Flails
  8679 | D:8      | Killed a tengu warrior
  8936 | D:8      | Noticed a gargoyle
  8988 | D:8      | Killed a gargoyle
  8989 | D:8      | Reached skill level 10 in Fighting
  9186 | D:8      | Noticed a two-headed ogre
  9202 | D:8      | Killed a two-headed ogre
  9211 | D:8      | Reached XP level 11. HP: 27/99 MP: 20/20
  9596 | D:8      | Found an ancient bone altar of Kikubaaqudgha.
  9675 | D:8      | Found Duf Zuz's Antique Armour Shoppe.
 10041 | D:8      | Reached skill level 5 in Maces & Flails
 10433 | D:9      | Found Naevoff's Antique Armour Shop.
 10433 | D:9      | Found an ornate altar of the Wu Jian Council.
 10464 | D:8      | Offered knowledge of Volatile Blastmotes by Vehumet.
 10603 | D:9      | Noticed a two-headed ogre
 10625 | D:9      | Killed a two-headed ogre
 10652 | D:9      | Noticed a two-headed ogre
 10881 | D:9      | Reached *** piety under Vehumet
 10945 | D:9      | Bought a pair of runed boots for 135 gold pieces
 11071 | D:9      | Reached skill level 10 in Dodging
 11106 | D:9      | Killed a two-headed ogre
 11528 | D:10     | Entered Level 10 of the Dungeon
 11716 | D:10     | Found a staircase to the Orcish Mines.
 11761 | D:10     | Offered knowledge of Mephitic Cloud by Vehumet.
 12395 | D:10     | Found a shadowy altar of Dithmenos.
 12570 | Lair:1   | Entered Level 1 of the Lair of Beasts
 12570 | Lair:1   | Found a glowing golden altar of the Shining One.
 12779 | D:2      | Killed Crazy Yiuf
 12981 | Lair:1   | Reached skill level 1 in Fire Magic
 13020 | Lair:1   | Reached skill level 1 in Evocations
 13138 | Lair:1   | Reached **** piety under Vehumet
 13265 | Lair:1   | Offered knowledge of Irradiate by Vehumet.
 13282 | Lair:1   | Learned a level 6 spell: Plasma Beam
 13424 | Lair:1   | Reached XP level 12. HP: 70/106 MP: 21/21
 13808 | Lair:1   | Identified the +0 pair of boots of Perfidy {Rampage Str+4}
 14269 | Lair:2   | Noticed a four-headed hydra
 14273 | Lair:2   | Killed a four-headed hydra
 14274 | Lair:2   | Reached skill level 5 in Fire Magic
 14293 | Lair:2   | Found a dark tunnel.
 14318 | Volcano  | Entered a volcano
 14416 | Volcano  | Reached skill level 5 in Conjurations
 14666 | Volcano  | Found a burning altar of Makhleb.
 16199 | Lair:2   | Found a staircase to the Shoals.
 16218 | Lair:2   | Reached skill level 5 in Evocations
 16219 | Lair:2   | Reached skill level 10 in Air Magic
 16480 | Lair:2   | Learned a level 6 spell: Starburst
 16519 | Lair:2   | Found a blossoming altar of Fedhas.
 16631 | Lair:2   | Noticed a boulder beetle
 16648 | Lair:2   | Killed a boulder beetle
 16903 | Lair:2   | Noticed a boulder beetle
 16922 | Lair:2   | Killed a boulder beetle
 16949 | Lair:2   | Reached XP level 13. HP: 113/113 MP: 12/22
 17883 | Lair:3   | Reached ***** piety under Vehumet
 17883 | Lair:3   | Offered knowledge of Freezing Cloud by Vehumet.
 17901 | Lair:3   | Mangled by a skyshark

Illustrated notes

Levels and vault maps discovered:
D:1:      dpeg_arrival_erosion, layout_basic
D:2:      wander_river, layout_rooms, serial_shops, shop,
          uniq_crazy_yiuf_cottage, uniq_jessica, uniq_robin
D:3:      layout_basic, nicolae_hepliaklqana_hazy_memory, uniq_natasha
D:4:      minmay_clustersquares, layout_cave_pools,
          nicolae_overflow_hidden_temple, minmay_temple_entry_overgrown,
          serial_bayou_lake_a
D:5:      layout_basic, mainiacjoe_overflow_alcove_2, serial_rivers,
          chequers_serial_rivers_room_b, chequers_serial_rivers_marsh,
          chequers_serial_rivers_room_b, chequers_serial_rivers_small_3,
          chequers_serial_rivers_small_b
D:6:      layout_loops_cross, tso_altar, nemelex_xobeh_ov_fountains_minmay,
          yredelemnul_altar_generic, evilmike_ruin_ashenzari
D:7:      layout_layer_cave, mainiacjoe_overflow_24_doors, lemuel_tele_altar,
          mainiacjoe_overflow_tiny_flanked, serial_shops, shop
D:8:      nzn_winding_woodlands_stair_cross [nzn_winding_woodlands_5x15_default,
          nzn_winding_woodlands_center_lodge,
          nzn_winding_woodlands_5x15_pockets, nzn_winding_woodlands_5x5_cross,
          nzn_winding_woodlands_5x5_checkerboard,
          nzn_winding_woodlands_5x15_pool,
          nzn_winding_woodlands_center_triple_pond,
          nzn_winding_woodlands_5x15_garden], layout_loops_corners,
          okawaru_metal_pillars_3, regret_index_kikubaaqudgha_part_by_part,
          serial_shops, shop, uniq_amaemon
D:9:      layout_rooms, mainiacjoe_overflow_cross_hatched, serial_shops, shop
D:10:     layout_irregular_city, mainiacjoe_overflow_paths, orc_0_dummy
Temple:   nicolae_temple_superstar
Lair:1:   layout_chaotic_city, basic_altar, grunt_megastairs_3
Lair:2:   layout_cave_pods, nicolae_shoals_entry_roost, basic_altar,
          enter_volcano_1
Lair:3:   layout_concentric_octagons, nicolae_snake_entry_squirm,
          beast_lair_carwin_2

Skill      XL: |  1  2  3  4  5  6  7  8  9 10 11 12 13 |
---------------+----------------------------------------+-----
Conjurations   | 2 3 4 5 6 |  6.4
Spellcasting   | 3 5 6 |  6.0
Air Magic      | 4 5 8 9 10 | 10.0
Dodging        | 3 5 7 9 10 | 10.0
Fighting       | 3 6 8 10 | 10.0
Maces & Flails | 4 8 |  8.9
Fire Magic     | 3 8 9 |  9.6
Evocations     | 2 5 6 |  6.0
Stealth        | |  1.7

Action                     |  1- 3 |  4- 6 |  7- 9 | 10-12 | 13-15 || total
---------------------------+-------+-------+-------+-------+-------++-------
  Melee: Short sword       |     4 |    19 |       |       |       ||    23
         Tailslap          |       |     2 |     2 |    85 |     8 ||    97
         Demon whip        |       |       |    13 |   438 |    48 ||   499
         Punch             |       |       |       |     8 |     4 ||    12
   Cast: Shock             |    63 |    95 |    71 |    82 |    11 ||   322
         Static Discharge  |     3 |     5 |    16 |    16 |       ||    40
         Airstrike         |       |     2 |    41 |   134 |     6 ||   183
         Swiftness         |       |       |     1 |     2 |       ||     3
         Plasma Beam       |       |       |       |    12 |    19 ||    31
Ability: Breathe Lightning |       |       |    11 |    29 |     2 ||    42
  Evoke: Wand              |       |       |       |     6 |     3 ||     9
    Use: Scroll            |     4 |     8 |     8 |     7 |       ||    27
         Potion            |       |       |     1 |     2 |       ||     3
   Stab: Sleeping          |       |       |       |     1 |       ||     1
 Armour: Skin              |     5 |    41 |    82 |   344 |    41 ||   513
  Dodge: Dodged            |     4 |    24 |    52 |   365 |    65 ||   510
  Block: Other             |       |    10 |       |       |       ||    10
